 Dungeon Crawl Stone Soup version 0.27-a0-531-gb72ec1a1b6 (webtiles) character file.

Game seed: 7054027557180095519

89 jasper the Sneak (level 4, -1/36 HPs)
             Began as a Demonspawn Delver on Mar 5, 2021.
             Slain by a bullfrog skeleton (5 damage)
             ... on level 5 of the Dungeon.
             The game lasted 00:01:05 (279 turns).

jasper the Sneak (Demonspawn Delver)                 Turns: 279, Time: 00:01:06

Health: -1/36      AC:  3    Str: 12    XL:     4   Next: 31%
Magic:  4/4        EV: 12    Int: 11    God:
Gold:   0          SH:  0    Dex: 16    Spells: 3/3 levels left

rFire    . . .     SeeInvis .   a - +0 spear
rCold    . . .     Faith    .   (no shield)
rNeg     . . .     Spirit   .   b - +0 leather armour
rPois    .         Reflect  .   (no helmet)
rElec    .         Harm     .   (no cloak)
rCorr    .         Rampage  .   (no gloves)
Will     .....                  (no boots)
Stlth    +++.......             (no amulet)
HPRegen  0.12/turn              (no ring)
MPRegen  0.09/turn              (no ring)

@: no status effects
A: talons 1, powered by pain 1
a: no special abilities


You were on level 5 of the Dungeon.
You visited 1 branch of the dungeon, and saw 1 of its levels.

Inventory:

Hand Weapons
 a - a +0 spear (weapon)
 f - a +0 shortbow
Missiles
 h - 14 arrows
Armour
 b - a +0 leather armour (worn)
Jewellery
 e - a +6 ring of intelligence
Wands
 g - a wand of digging (3)
Scrolls
 c - a scroll of fog
 d - a scroll of magic mapping


   Skills:
 + Level 3.6 Fighting
 - Level 1.7 Polearms
 + Level 1.5 Armour
 + Level 2.5 Dodging
 - Level 4.5 Stealth
 + Level 1.7 Evocations


You had 3 spell levels left.
You didn't know any spells.
Your spell library was empty.

Dungeon Overview and Level Annotations

Branches:
Dungeon (5/15)
 Temple: D:4-7

Altars:


Innate Abilities, Weirdness & Mutations

You have sharp toenails.
You sometimes gain a little power by taking damage.


Message History

The bullfrog skeleton barely misses you.
You see here a +6 ring of intelligence.
e - a +6 ring of intelligence You aren't carrying any potions.
Okay, then.
The jackal closely misses you. The jackal barely misses you.
The jackal pauses to sniff the ground.
The jackal bites you.
* * * LOW HITPOINT WARNING * * *
You take 1 damage, and have 6/36 hp.
The jackal barely misses you.
A frilled lizard comes into view.
The frilled lizard hisses angrily.
The jackal bites you.
* * * LOW HITPOINT WARNING * * *
You take 1 damage, and have 5/36 hp.
The bullfrog skeleton hits you.
* * * LOW HITPOINT WARNING * * *
The jackal closely misses you.
You take 2 damage, and have 3/36 hp.
You hear the hiss of a distant avalanche of sand.
You barely miss the frilled lizard. The frilled lizard closely misses you.
You miss the frilled lizard. The frilled lizard barely misses you.
You hit the frilled lizard but do no damage.
You claw the frilled lizard.
You kill the frilled lizard!
You hit the jackal. Your kick misses the jackal.
The jackal is severely wounded.
The jackal closely misses you.
You hit the jackal.
You kill the jackal!
You hit the bullfrog skeleton. You claw the bullfrog skeleton.
The bullfrog skeleton is heavily damaged.
The bullfrog skeleton hits you but does no damage.
The bullfrog skeleton closely misses you.
You hit the bullfrog skeleton.
The bullfrog skeleton is severely damaged.
The bullfrog skeleton hits you.
You die...

..?.............
##..........
#..####...## #
##########.##
##.#...
#.##..........#
#..#...
##.#..............#
#.#....
#........###########
#.#....
#.........####
#.#....
#.......#.Z@.#
#g##...
###.#...####.#
###g#.... #.#.... .#
#...#.... # #.... .#
###.###.... #.... .#
##...####... #.## ..
#..##...$... #.
#.###.......
......g...........
..........#.......


You could see a bullfrog skeleton.

Vanquished Creatures
  A centaur (D:5)
  An adder (D:5)
  2 jackals (D:5)
  A frilled lizard (D:5)
5 creatures vanquished.

Notes
Turn   | Place    | Note
-------+----------+-------------------------------------------
     0 | D:5      | jasper the Demonspawn Delver began the quest for the Orb.
     0 | D:5      | Reached XP level 1. HP: 18/18 MP: 1/1
    25 | D:5      | Gained mutation: You have sharp toenails. [demonic
                  | ancestry]
    25 | D:5      | Reached XP level 2. HP: 15/24 MP: 2/2
    47 | D:5      | Noticed a centaur
    61 | D:5      | Killed a centaur
    62 | D:5      | Reached skill level 1 in Armour
    62 | D:5      | Reached skill level 1 in Evocations
    62 | D:5      | Reached XP level 3. HP: 4/29 MP: 3/3
    62 | D:5      | Gained mutation: You sometimes gain a little power by
                  | taking damage. [demonic ancestry]
    62 | D:5      | Reached XP level 4. HP: 5/36 MP: 4/4
   279 | D:5      | Slain by a bullfrog skeleton

Illustrated notes

Levels and vault maps discovered:
D:5:      layout_rooms, enter_ossuary_4, uniq_eustachio

Skill      XL: |  1  2 |
---------------+-------+-----
Dodging        | 2 |  2.5
Armour         | 1 |  1.5
Evocations     | 1 |  1.7
Fighting       | |  3.6
Polearms       | |  1.7
Stealth        | |  4.5

Action                   |  1- 3 |  4- 6 || total
-------------------------+-------+-------++-------
Melee: Spear             |    19 |    14 ||    33
       Kick              |     4 |     4 ||     8
  Use: Potion            |     1 |       ||     1
       Scroll            |       |     1 ||     1
Armor: Leather armour    |     4 |     5 ||     9
Dodge: Dodged            |     9 |    15 ||    24

Table legend: (Time is in decaauts)
 A = Elapsed time spent in this place.
 B = Non-inter-level travel time spent in this place.
 C = Inter-level travel time spent in this place.
 D = Time resting spent in this place.
 E = Time spent auto-exploring this place.
 F = Levels seen in this place.
 G = Mean time per level.
                   A        B        C        D        E       F      G
               +--------+--------+--------+--------+--------+-----+--------+
         Total |    260 |    260 |      0 |     19 |    131 |   1 |  260.0 |
       Dungeon |    260 |    260 |      0 |     19 |    131 |   1 |  260.0 |
               +--------+--------+--------+--------+--------+-----+--------+

Top non-repeatable levels by time:
     D:5: 260 daAuts
